 Dungeon Crawl Stone Soup version 0.22.1-1-ga44c0e5 (webtiles) character file.

100 Larett the Sneak (level 4, -1/22 HPs)
             Began as a Spriggan Assassin on Oct 28, 2018.
             Killed by divine providence
             ... invoked by an orc priest
              (14 damage)
             ... on level 3 of the Dungeon.
             The game lasted 00:08:56 (3413 turns).

Larett the Sneak (Spriggan Assassin)                Turns: 3413, Time: 00:08:57

Health: -1/22      AC:  3    Str:  7    XL:     4   Next: 46%
Magic:  5/5        EV: 20    Int: 12    God:
Gold:   129        SH:  0    Dex: 18    Spells: 3/3 levels left

rFire    . . .     SeeInvis +   b - +0 blowgun
rCold    . . .     Gourm    .   (shield restricted)
rNeg     . . .     Faith    .   c - +0 robe
rPois    +         Spirit   .   (helmet restricted)
rElec    .         Reflect  .   d - +0 cloak
rCorr    .         Harm     .   (gloves unavailable)
MR       .....                  (boots unavailable)
Stlth    ++++......             (no amulet)
HPRegen  0.07/turn              o - ring of poison resistance
MPRegen  0.09/turn              (no ring)

@: very quick
A: very small, unfitting armour, see invisible, herbivore, speed 3, slow
metabolism 2
a: no special abilities


You were on level 3 of the Dungeon.
You were not hungry.

You visited 1 branch of the dungeon, and saw 3 of its levels.

You collected 129 gold pieces.

Inventory:

Hand Weapons
 a - a +1 spear of venom
 b - a +0 blowgun (weapon)
 D - a +2 dagger
 V - a +0 shortbow
Missiles
 e - 14 poisoned needles (quivered)
 f - 3 curare-tipped needles
 r - 160 stones
 t - 59 bolts
 w - 49 sling bullets
 A - 64 arrows
Armour
 c - a +0 robe (worn)
 d - a +0 cloak (worn)
Jewellery
 o - a ring of poison resistance (left hand)
Scrolls
 s - a scroll of noise {unknown}
 v - a scroll of amnesia {unknown}
 y - 2 scrolls of remove curse {unknown}
 B - a scroll of enchant weapon {unknown}
 R - a scroll of identify
 U - a scroll of fear {unknown}
Potions
 q - a potion of berserk rage
 x - a potion of agility
 z - 2 potions of heal wounds {unknown}
 C - a potion of flight {unknown}
 S - a potion of degeneration {unknown}
 T - a potion of haste {unknown}
Comestibles
 g - 14 rations


   Skills:
 - Level 1.5 Fighting
 - Level 2.9 Short Blades
 + Level 0.1 Polearms
 - Level 2.0 Throwing
 * Level 4.2 Dodging
 * Level 7.2 Stealth


You had 3 spell levels left.
You didn't know any spells.
Your spell library was empty.

Dungeon Overview and Level Annotations

Branches:
Dungeon (3/15)

Altars:
Cheibriados
Sif Muna
The Shining One


Innate Abilities, Weirdness & Mutations

You are very small and have problems with some larger weapons.
You are too small for most types of armour.
You have supernaturally acute eyesight. (SInv)
You are a herbivore.
You cover ground extremely quickly.
You need to consume almost no food.


Message History

You shoot a poisoned needle.
The poisoned needle hits the orc priest.
The orc priest looks even sicker.
Firing (i - inventory. (/) - cycle)
e - 16 poisoned needles (quivered)
Press: ? - help, Shift-Dir - straight line, f/p - orc priest
Aim: an orc priest, wielding a club (lightly wounded, poisoned)
You shoot a poisoned needle.
The poisoned needle hits the orc priest.
The orc priest looks even sicker.
The orc priest is lightly wounded.
Firing (i - inventory. (/) - cycle)
e - 15 poisoned needles (quivered)
Press: ? - help, Shift-Dir - straight line, f/p - orc priest
Aim: an orc priest, wielding a club (moderately wounded, poisoned)
You shoot a poisoned needle.
The poisoned needle hits the orc priest.
The orc priest is moderately wounded.
The orc priest mumbles some strange prayers to Beogh against you.
Beogh smites you!
Ouch! That really hurt!
You die...

.##.♣PP.†PP♣#............###
.#..♣♣P..P♣♣#....#........#
.#..♣P.P.♣P♣#....#.......##
.#...♣♣♣♣♣♣##............##
.#....♣♣♣♣###.............#
##.............♣.♣.♣......#
##.....(((................#
..........o....♣.♣.♣÷.....##
##########......@...........
#................#.#
###...........######.# #
#.............# #
#.......###...## # #....#.##
#....# # ####...# ##...### #
##..#####.....# #
#.>....#...#.#


You could see an orc priest.

Vanquished Creatures
  3 adders (D:2)
  2 oozes
  3 dart slugs
  2 worms
  2 orcs (D:3)
  2 bats
  3 giant cockroaches
  3 hobgoblins
  2 jackals (D:1)
  2 quokkas (D:3)
  2 ball pythons
  4 frilled lizards
  8 goblins
  10 kobolds
  8 rats
56 creatures vanquished.

Vanquished Creatures (others)
  2 plants (D:3)
2 creatures vanquished.

Grand Total: 58 creatures vanquished

Notes
Turn   | Place    | Note
-------+----------+-------------------------------------------
     0 | D:1      | Larett the Spriggan Assassin began the quest for the Orb.
     0 | D:1      | Reached XP level 1. HP: 10/10 MP: 2/2
    41 | D:1      | Reached skill level 6 in Stealth
   254 | D:1      | Reached XP level 2. HP: 9/14 MP: 3/3
   536 | D:1      | Found a glowing golden altar of the Shining One.
  1481 | D:2      | Reached skill level 3 in Dodging
  1563 | D:2      | Reached XP level 3. HP: 18/18 MP: 4/4
  1846 | D:2      | Reached skill level 7 in Stealth
  2082 | D:2      | Reached XP level 4. HP: 22/22 MP: 5/5
  2743 | D:3      | Found a deep blue altar of Sif Muna.
  2914 | D:3      | Found a snail-covered altar of Cheibriados.
  2967 | D:3      | Noticed an orc warrior
  3413 | D:3      | Killed from afar by an orc priest

Skill      XL: |  1  2  3  4 |
---------------+-------------+-----
Dodging        | 2 3 4 |  4.2
Stealth        | 6 7 |  7.2
Fighting       | |  1.5
Short Blades   | |  2.9
Polearms       | |  0.1
Throwing       | |  2.0

Action                   |  1- 3 |  4- 6 || total
-------------------------+-------+-------++-------
Melee: Dagger            |   100 |    25 ||   125
       Spear             |       |    21 ||    21
 Fire: Blowgun           |    11 |    10 ||    21
  Use: Scroll            |       |     2 ||     2
 Stab: Sleeping          |    13 |    10 ||    23
       Distracted        |     1 |       ||     1
Armor: Robe              |     8 |       ||     8
Dodge: Dodged            |    57 |    20 ||    77
